 Dungeon Crawl Stone Soup version 0.28-a0-895-g6e5f11bd55 (webtiles) character file.

Game seed: 1611016712821972304

82 siradein the Vexing (level 4, -1/33 HPs)
             Began as a Demonspawn Arcane Marksman on Nov 23, 2021.
             Slain by a scorpion (2 damage)
             ... on level 2 of the Dungeon.
             The game lasted 00:09:30 (3006 turns).

siradein the Vexing (Demonspawn Arcane Marksman)    Turns: 3006, Time: 00:09:30

Health: -1/33      AC: 15    Str: 11    XL:     4   Next: 21%
Magic:  6/6        EV: 12    Int: 15    God:
Gold:   36         SH:  0    Dex: 13    Spells: 5/6 levels left

rFire   . . .      SeeInvis .   l - +1 trident (protect)
rCold   . . .      Faith    .   (no shield)
rNeg    + . .      Spirit   .   d - +0 robe
rPois   .          Reflect  .   (no helmet)
rElec   .          Harm     .   (no cloak)
rCorr   .          Rampage  .   (no gloves)
Will    .....                   (no boots)
Stlth   +.........              (no amulet)
HPRegen 0.11/turn               i - ring of positive energy
MPRegen 0.10/turn               (no ring)

@: lethally poisoned (-1 -> -6), sanguine armoured, under a protective aura
A: hooves 1, sanguine armour 1
a: no special abilities


You were on level 2 of the Dungeon.
You visited 1 branch of the dungeon, and saw 2 of its levels.

You collected 36 gold pieces.

Inventory:

Hand Weapons
 a - a +0 hunting sling
 l - a +1 trident of protection (weapon)
Missiles
 b - 34 stones (quivered)
 c - 20 sling bullets
Armour
 d - a +0 robe (worn)
Jewellery
 i - a ring of positive energy (left hand)
Scrolls
 f - a scroll of noise {unknown}
 g - a scroll of holy word {unknown}
 j - a scroll of enchant weapon {unknown}
Potions
 e - a potion of brilliance {unknown}
 h - a potion of curing {unknown}
 k - a potion of flight {unknown}
 m - a potion of ambrosia {unknown}


   Skills:
 + Level 1.9 Fighting
 + Level 2.4 Slings
 + Level 2.3 Dodging
 + Level 1.8 Spellcasting
 + Level 3.5 Hexes


You had 5 spell levels left.
You knew the following spells:

 Your Spells              Type           Power      Damage    Failure   Level
a - Slow                  Hex            44%        N/A       5%          1

Your spell library contained the following spells:

 Spells                   Type           Power      Damage    Failure   Level
 Inner Flame              Hex/Fire       6%         N/A       32%         3
 Portal Projectile        Hex/Tloc       12%        N/A       32%         3
 Cause Fear               Hex            5%         N/A       47%         4


Dungeon Overview and Level Annotations

Branches:
Dungeon (2/15)

Altars:
Wu Jian

Shops:
D:1 !


Innate Abilities, Weirdness & Mutations

You have large cloven feet.
When seriously injured, your blood forms armour. (AC +6)


Message History

You barely miss the scorpion. You kick the scorpion.
The scorpion is moderately wounded.
The scorpion is no longer moving slowly.
The scorpion barely misses you.
You hit the scorpion.
Your weapon exudes an aura of protection.
The scorpion is heavily wounded.
The scorpion closely misses you.
You hit the scorpion but do no damage.
The scorpion is heavily wounded.
The scorpion stings you but does no damage.
The scorpion closely misses you.
You puncture the scorpion!
The scorpion is severely wounded.
The scorpion stings you but does no damage.
You hit the scorpion but do no damage. Your kick misses the scorpion.
The scorpion is severely wounded.
The scorpion stings you but does no damage.
The scorpion barely misses you.
You hit the scorpion but do no damage.
The scorpion is severely wounded.
The scorpion stings you.
You are lethally poisoned!
The scorpion poisons you!
You hit the scorpion.
The scorpion is almost dead.
* * * LOW HITPOINT WARNING * * *
You feel very sick.
The scorpion stings you but does no damage.
The scorpion barely misses you.
You hit the scorpion. Your kick misses the scorpion.
The scorpion is almost dead.
* * * LOW HITPOINT WARNING * * *
You feel very sick. The scorpion misses you. The scorpion barely misses you.
You hit the scorpion but do no damage.
The scorpion is almost dead.
* * * LOW HITPOINT WARNING * * *
You feel sick. The scorpion stings you.
You die...

#. #.# #.# #. #)##.#
#.# #. #.#..# #.# #.
#.#.## #.# # #.
#.#.#####.# # #.
#.........# # #.
###.####### #
#.#######.###)..###
#
#......s@.........#
#
#########.###...#.##
# #..........# #
#..........#
##.........#
####...#.## #...#.#
#...#†#
##.##.#######


You could see a scorpion.

Vanquished Creatures
  2 gnolls (D:2)
  2 adders (D:2)
  A dart slug (D:1)
  2 endoplasms
  4 giant cockroaches
  6 goblins
  4 jackals (D:2)
  6 kobolds
  4 quokkas
  2 ball pythons (D:1)
  3 bats (D:2)
  2 frilled lizards (D:1)
  2 rats
  A bush (D:1)
41 creatures vanquished.

Vanquished Creatures (others)
  5 demonic plants (D:2)
  7 fungi (D:2)
  5 plants
  3 withered plants (D:2)
20 creatures vanquished.

Grand Total: 61 creatures vanquished

Notes
Turn   | Place    | Note
-------+----------+-------------------------------------------
     0 | D:1      | siradein the Demonspawn Arcane Marksman began the quest for
                  | the Orb.
     0 | D:1      | Reached XP level 1. HP: 15/15 MP: 2/2
   286 | D:1      | Gained mutation: When seriously injured, your blood forms
                  | armour. (AC +6) [demonic ancestry]
   286 | D:1      | Reached XP level 2. HP: 21/21 MP: 1/3
   848 | D:1      | Found Iwijasmogi's Distillery.
  1522 | D:2      | Found a faded altar of an unknown god.
  1538 | D:2      | Gained mutation: You have large cloven feet. [demonic
                  | ancestry]
  1538 | D:2      | Reached XP level 3. HP: 18/26 MP: 3/5
  2595 | D:2      | Reached XP level 4. HP: 27/33 MP: 4/6
  2892 | D:2      | Found an ornate altar of the Wu Jian Council.
  2975 | D:2      | Noticed a scorpion
  3006 | D:2      | HP: 1/33 [poisoned by a scorpion]
  3006 | D:2      | Slain by a scorpion

Illustrated notes

Levels and vault maps discovered:
D:1:      minmay_arrival_shattered_statue, layout_loops_cross, serial_shops,
          nicolae_shop_crystal, serial_forest, infiniplex_forest_end_2,
          infiniplex_forest_clump_medium, infiniplex_forest_clump_tiny,
          infiniplex_forest_straight_4, infiniplex_forest_lined_3_way,
          infiniplex_forest_end_2, infiniplex_forest_straight_4
D:2:      layout_loops_ring, shapermc_ecumenical_altar_gd, basic_altar

Skill      XL: |  1  2 |
---------------+-------+-----
Slings         | 2 |  2.4
Dodging        | 2 |  2.3
Fighting       | |  1.9
Spellcasting   | |  1.8
Hexes          | |  3.5

Action                   |  1- 3 |  4- 6 || total
-------------------------+-------+-------++-------
Melee: Short sword       |   245 |       ||   245
       Trident           |    19 |    39 ||    58
       Kick              |     5 |     9 ||    14
 Fire: Hunting sling     |   128 |       ||   128
 Cast: Slow              |    32 |     3 ||    35
Armor: Robe              |    18 |    15 ||    33
Dodge: Dodged            |    54 |    28 ||    82

Table legend: (Time is in decaauts)
 A = Elapsed time spent in this place.
 B = Non-inter-level travel time spent in this place.
 C = Inter-level travel time spent in this place.
 D = Time resting spent in this place.
 E = Time spent auto-exploring this place.
 F = Levels seen in this place.
 G = Mean time per level.
                   A        B        C        D        E       F      G
               +--------+--------+--------+--------+--------+-----+--------+
         Total |   3058 |   3027 |     31 |    427 |   1696 |   2 | 1529.0 |
       Dungeon |   3058 |   3027 |     31 |    427 |   1696 |   2 | 1529.0 |
               +--------+--------+--------+--------+--------+-----+--------+

Top non-repeatable levels by time:
     D:1: 2009 daAuts
     D:2: 1048 daAuts
